Map: Paladino Terminal LE

Players

Namshar - Winner!

  • Race: Zerg Zerg
  • Spawn Location: 5:00

Serphim

  • Race: Protoss Protoss
  • Spawn Location: 9:00

Event: WCS Austin 2017

VOD

Have the link to the VOD?

Description

Time

  • Played on: April 28, 2017, 1:17 p.m.
  • Length: 4:29

All games in this series

Show
View Real Time Build Order
Export as new Build Order

Namshar Zerg - Winner!

Build Orders: Pool First 

Get SALT Encoding   

  12  0:00  Drone  
  13  0:12  Overlord  
  13  0:18  Drone  
  14  0:32  Drone x2  
  14  0:34  Drone  
  17  0:45  Drone  
  18  0:50  Spawning Pool  
  18  0:53  Extractor  
  18  0:56  Drone  
  17  1:07  Drone  
  18  1:20  Drone  
  18  1:24  Hatchery  
  18  1:36  Queen  
  18  1:39  Zergling x2  
  21  1:46  Overlord  
  21  1:50  Drone  
  22  1:59  Metabolic Boost  
  22  2:05  Drone  
  23  2:12  Queen  
  25  2:27  Drone x2  
  27  2:37  Zergling x4  
  29  2:44  Drone x3  
  29  2:47  Overlord  
  31  2:56  Drone  
  32  3:01  Roach Warren  
  32  3:02  Drone  
  32  3:08  Drone  
  33  3:14  Zergling x2  
  33  3:17  Zergling x8  
  38  3:21  Overlord  
  38  3:24  Overlord  
  38  3:33  Overlord x2  
  38  3:45  Roach x3  
  44  3:49  Roach x2  
  48  4:00  Roach x3  
Show
View Real Time Build Order
Export as new Build Order

Serphim Protoss 

Build Orders:  

Get SALT Encoding   

  12  0:00  Probe (Chrono Boost)  
  13  0:12  Probe (Chrono Boost)  
  14  0:20  Pylon  
  14  0:23  Probe (Chrono Boost)  
  15  0:38  Probe (Chrono Boost)  
  15  0:40  Gateway  
  16  0:46  Assimilator  
  16  0:48  Probe (Chrono Boost)  
  17  0:54  Assimilator  
  17  0:59  Probe (Chrono Boost)  
  18  1:10  Probe (Chrono Boost)  
  19  1:19  Pylon  
  19  1:20  Probe (Chrono Boost)  
  20  1:33  Cybernetics Core  
  20  1:36  Probe (Chrono Boost)  
  22  1:47  Probe (Chrono Boost)  
  22  1:51  Forge  
  22  1:57  Probe (Chrono Boost)  
  23  2:06  Adept  
  23  2:11  Warp Gate  
  26  2:17  Mothership Core (Chrono Boost)  
  26  2:38  Adept  
  27  2:46  Probe (Chrono Boost)  
  28  2:54  Nexus  
  29  3:00  Probe (Chrono Boost)  
  29  3:15  Probe (Chrono Boost)  
  29  3:18  Pylon  
  31  3:27  Probe (Chrono Boost)  
  31  3:39  Stalker, Probe (Chrono Boost), Pylon  
  32  3:47  Stargate  
  34  3:57  Photon Cannon  
Tags
 
Add a new tag
Caveats
  • Supply blocks, unpowered buildings, or Contaminate may cause inaccurate times.
  • Supply counts are checked every 10 seconds.